 Dungeon Crawl Stone Soup version 0.25.0-8-gfd19cd77bd (webtiles) character file.

Game seed: 8987684924076643204

312 Infinimo the Cudgeler (level 6, 0/48 HPs)
             Began as a Demonspawn Berserker on June 16, 2020.
             Was a Believer of Trog.
             Succumbed to an orc priest's poison
             ... on level 3 of the Dungeon.
             The game lasted 00:03:25 (2759 turns).

Infinimo the Cudgeler (Demonspawn Berserker)        Turns: 2759, Time: 00:03:25

Health: 0/48       AC: 11    Str: 19    XL:     6   Next: 18%
Magic:  6/6        EV:  8    Int:  9    God:    Trog [**....]
Gold:   43         SH:  0    Dex: 12    Spells: 5/5 levels left

rFire    . . .     SeeInvis .   a - +0 mace
rCold    . . .     Gourm    .   (no shield)
rNeg     . . .     Faith    .   n - +0 chain mail
rPois    .         Spirit   .   (no helmet)
rElec    .         Reflect  .   (no cloak)
rCorr    .         Harm     .   (no gloves)
MR       .....                  (no boots)
Stlth    ..........             h - amulet of inaccuracy (curse)
HPRegen  0.16/turn              m - ring of stealth
MPRegen  0.10/turn              (no ring)

@: lethally poisoned (0 -> -32), berserk cooldown, slowed, very slow
A: hooves 1, slimy green scales 1
a: Berserk, Trog's Hand, Renounce Religion


You were on level 3 of the Dungeon.
You worshipped Trog.
Trog was pleased with you.
You were near starving.

You visited 1 branch of the dungeon, and saw 3 of its levels.

You collected 43 gold pieces.

Inventory:

Hand Weapons
 a - a +0 mace (weapon)
Armour
 n - a +0 chain mail (worn)
Jewellery
 h - a cursed amulet of inaccuracy (around neck)
 j - an uncursed amulet of guardian spirit {unknown}
 m - a ring of stealth (left hand)
Potions
 d - 2 potions of curing {unknown}
 e - a potion of mutation {unknown}
 f - a potion of invisibility {unknown}
 g - a potion of lignification {unknown}
Comestibles
 c - 8 rations


   Skills:
 + Level 4.0 Fighting
 * Level 4.6 Maces & Flails
 + Level 3.0 Armour
 + Level 3.0 Dodging


You had 5 spell levels left.
You didn't know any spells.
Your spell library was empty.

Dungeon Overview and Level Annotations

Branches:
Dungeon (3/15)

Altars:


Innate Abilities, Weirdness & Mutations

You have large cloven feet.
You are partially covered in slimy green scales. (AC +2)


Message History

You sock the orc priest!
You kill the orc priest!
Trog accepts your kill.
Your Armour skill increases to level 3!
Your Dodging skill increases to level 3!
* * * LOW HITPOINT WARNING * * *
You feel very sick.
Unknown command.
You are too berserk!
There is a lethal amount of poison in your body!
There is a lethal amount of poison in your body!
* * * LOW HITPOINT WARNING * * *
You feel sick.
You feel a strong urge to attack something.
* * * LOW HITPOINT WARNING * * *
You feel sick.
You are no longer berserk.
You are exhausted.
You feel yourself slow down.
You die...

##### ....### #....# #....#
####### #....#######.....#
#+#.......#.###.#
##.#.#.....@)...[#
#....#.#..<#.############
#....#.#.#[#.#..........#
#....#.#.#.#.#.########.#
#....#.#.#.#.#.########.#
#....#.#...#.#...#......#
#.####......#####.#.###.######
....รท..............># #.####
.####.#.###########.###....#


There were no monsters in sight!

Vanquished Creatures
  Sigmund (D:2)
  2 orc priests (D:3)
  Jessica (D:2)
  2 adders (D:2)
  An adder skeleton (D:2)
  A worm (D:2)
  3 dart slugs
  2 leopard geckos
  5 orcs
  A ball python (D:3)
  7 bats
  3 giant cockroaches (D:2)
  3 goblins
  4 hobgoblins
  2 jackals (D:2)
  3 frilled lizards (D:2)
  A jackal skeleton (D:3)
  3 kobolds
  4 rats
49 creatures vanquished.

Notes
Turn   | Place    | Note
-------+----------+-------------------------------------------
     0 | D:1      | Infinimo the Demonspawn Berserker began the quest for the
                  | Orb.
     0 | D:1      | Reached XP level 1. HP: 18/18 MP: 1/1
   305 | D:1      | Gained mutation: You are partially covered in slimy green
                  | scales. (AC +2) [demonic ancestry]
   305 | D:1      | Reached XP level 2. HP: 15/24 MP: 2/2
  1021 | D:2      | Noticed Jessica
  1027 | D:2      | Killed Jessica
  1027 | D:2      | Reached XP level 3. HP: 26/29 MP: 3/3
  1148 | D:2      | Noticed Sigmund
  1159 | D:2      | Killed Sigmund
  1159 | D:2      | Reached ** piety under Trog
  1159 | D:2      | Reached XP level 4. HP: 28/37 MP: 4/4
  1159 | D:2      | Reached XP level 5. HP: 32/42 MP: 5/5
  2443 | D:3      | Gained mutation: You have large cloven feet. [demonic
                  | ancestry]
  2443 | D:3      | Reached XP level 6. HP: 23/48 MP: 6/6
  2758 | D:3      | HP: 3/72 [poisoned by an orc priest]
  2759 | D:3      | Succumbed to an orc priest's poison

Illustrated notes

Levels and vault maps discovered:
D:1:      heliophobic_arrival_dark_side_of_the_moon, layout_basic
D:2:      layout_loops_cross, first_ration, uniq_sigmund, uniq_jessica
D:3:      layout_basic, serial_undead, serial_undead_e, serial_undead_c,
          serial_undead_a, serial_undead_b

Skill      XL: |  1  2  3  4  5  6 |
---------------+-------------------+-----
Maces & Flails | 3 4 |  4.6
Armour         | 2 3 |  3.0
Dodging        | 2 3 |  3.0
Fighting       | 4 |  4.0

Action                   |  1- 3 |  4- 6 || total
-------------------------+-------+-------++-------
Melee: Mace              |    68 |   132 ||   200
       Kick              |       |     3 ||     3
Invok: Berserk           |     2 |     2 ||     4
  Use: Scroll            |       |     6 ||     6
 Stab: Sleeping          |       |     1 ||     1
  Eat: Chunk             |     1 |     7 ||     8
Armor: Animal skin       |    16 |    21 ||    37
       Chain mail        |       |    49 ||    49
Dodge: Dodged            |    51 |   106 ||   157
